 Dungeon Crawl Stone Soup version 0.21.1-1-g345015fe64 (webtiles) character file.

8945 Jannitor the Protected (level 11, -23/120 HPs)
             Began as a Halfling Berserker on June 5, 2018.
             Was a Priest of Trog.
             Hit by a large rock thrown by a cyclops (37 damage)
             ... on level 11 of the Dungeon.
             The game lasted 00:17:14 (11607 turns).

Jannitor the Protected (Halfling Berserker)        Turns: 11607, Time: 00:17:14

Health: -23/120    AC: 12    Str: 26    XL:     11   Next: 65%
Magic:  11/12      EV: 15    Int:  5    God:    Trog [***...]
Gold:   485        SH: 11    Dex: 15    Spells: 10/10 levels left

rFire    + . .     SeeInvis .   q - +0 war axe (curse)
rCold    . . .     Gourm    +   f - +0 shield
rNeg     . . .     Faith    .   p - +1 chain mail {rF+}
rPois    .         Spirit   .   (no helmet)
rElec    .         Reflect  .   (no cloak)
rCorr    +         Harm     .   (no gloves)
MR       ++...                  (no boots)
Stlth    ..........             e - amulet of the gourmand
HPRegen  1.30/turn              g - +4 ring of evasion
MPRegen  0.13/turn              r - ring of resist corrosion

@: berserking, barbed spikes, regenerating, very quick
A: small, mutation resistance 1
a: Berserk, Trog's Hand, Burn Spellbooks, Renounce Religion


You were on level 11 of the Dungeon.
You worshipped Trog.
Trog was most pleased with you.
You were very full.

You visited 1 branch of the dungeon, and saw 11 of its levels.

You collected 485 gold pieces.

Inventory:

Hand Weapons
 a - a +0 hand axe
 i - a +0 morningstar
 q - a cursed +0 war axe (weapon)
Armour
 b - a +0 animal skin
 f - a +0 shield (worn)
 h - a +0 ring mail
 m - a +0 chain mail
 p - a +1 chain mail of fire resistance (worn)
Jewellery
 e - an amulet of the gourmand (around neck)
 g - a +4 ring of evasion (left hand)
 r - a ring of resist corrosion (right hand)
 t - an uncursed ring of ice
 u - an uncursed ring of protection from fire {unknown}
 z - the ring "Doxtukoj" {+Fly Str+3 Int-3 Stlth+, unknown}
   (You found it on level 9 of the Dungeon)

   [ring of flight]

   It affects your strength (+3).
   It affects your intelligence (-3).
   It lets you fly.
   It makes you more stealthy.
Wands
 n - a wand of paralysis (29)
 w - a wand of polymorph (13)
 y - a wand of acid (8)
 D - a wand of enslavement (16)
 E - a wand of iceblast (10)
Scrolls
 j - 11 scrolls of identify
 k - 2 scrolls of enchant armour
 s - 3 scrolls of remove curse
Potions
 d - 5 potions of curing
 o - a potion of mutation {unknown}
 v - a potion of haste
 C - a potion of berserk rage {unknown}
Books
 x - a book of Geomancy

   Spells                             Type                      Level
   a - Sandblast                      Earth                        1
   b - Passwall                       Transmutation/Earth          2
   c - Stone Arrow                    Conjuration/Earth            3
   d - Petrify                        Transmutation/Earth          4
   e - Lee's Rapid Deconstruction     Earth                        5
   Trog disapproves of the use of such an item.
Miscellaneous
 B - a phial of floods
Comestibles
 c - 18 rations


   Skills:
 + Level 9.2 Fighting
 + Level 10.0 Axes
 + Level 10.6 Armour
 + Level 4.6 Dodging
 + Level 3.9 Shields
 + Level 1.3 Evocations


You had 10 spell levels left.
You didn't know any spells.

Dungeon Overview and Level Annotations

Branches:
Dungeon (11/15)            Temple (0/1) D:5             Orc (0/2) D:11
   Lair: D:8-11

Altars:
Ashenzari
Cheibriados
Hepliaklqana
Makhleb
Nemelex Xobeh
Okawaru
Qazlal
Ru
Sif Muna
Uskayaw
Vehumet
Wu Jian
Yredelemnul
The Shining One

Annotations:
D:4 1 runed door


Innate Abilities, Weirdness & Mutations

You are small and have problems with some larger weapons.
You are somewhat resistant to further mutation.


Message History

The manticore bites you! The manticore claws you.
* * * LOW HITPOINT WARNING * * *
The manticore closely misses you.
Unknown command.
A red film seems to cover your vision as you go berserk!
You feel yourself moving faster!
You feel mighty!
You feel a lot less full. The manticore bites you!!
* * * LOW HITPOINT WARNING * * *
The manticore claws you.
* * * LOW HITPOINT WARNING * * *
The manticore claws you.
* * * LOW HITPOINT WARNING * * *
You slice the manticore!!
You kill the manticore!
Trog accepts your kill.
Unknown command.
Unknown command.
You feel a strong urge to attack something.
The cyclops throws a large rock.
The large rock hits you!!!
You die...

#.# #.# #.......#.......... #.#
#.# #.......#.######.## #.# #.#
#.......#.#....#... #.###.#
#.........#....'... #.....#
###########....#... #.....#
#(............#...
################§.§....#######...
# ........§§§§§....#..>...... #
........§§@§.....#......... #
........#§########.........
#########C.................
...................
....................
.......H.............
..C.................##
............. ##############


You could see a cyclops.

Vanquished Creatures
  Harold (D:10)
  Erica (D:10)
  A death yak (D:11)
  2 unseen horrors
  A manticore (D:11)
  Joseph (D:7)
  A hippogriff (D:11)
  A basilisk (D:11)
  The ghost of Tali the Skirmisher, an amateur MiFi (D:4)
  A hungry ghost (D:9)
  2 orc warriors
  A black bear (D:11)
  4 ice beasts
  6 phantoms
  5 ogres
  5 centaurs
  4 big kobolds
  Blork the orc (D:6)
  2 wyvern zombies
  A gnoll sergeant (D:7)
  4 bullfrogs
  A wyvern skeleton (D:10)
  4 scorpions
  9 killer bees
  A water moccasin skeleton (D:6)
  5 howler monkeys
  3 crimson imps
  4 hounds
  A bullfrog zombie (D:8)
  An orc priest (D:5)
  2 bullfrog skeletons
  2 centaur skeletons
  5 orc wizards
  8 worker ants
  Natasha (D:2)
  2 iguanas (D:11)
  A hound zombie (D:6)
  2 hound skeletons
  A howler monkey skeleton (D:5)
  5 adders
  5 gnolls (D:7)
  An ooze (D:4)
  An adder skeleton (D:10)
  4 dart slugs
  6 leopard geckos
  32 orcs
  3 ball pythons
  6 giant cockroaches
  7 hobgoblins
  8 jackals (D:1)
  4 quokkas
  12 bats
  6 frilled lizards
  A giant cockroach zombie (D:5)
  12 goblins
  27 kobolds
  A leopard gecko skeleton (D:4)
  A leopard gecko zombie (D:6)
  3 quokka skeletons
  A quokka zombie (D:6)
  4 rats
249 creatures vanquished.

Vanquished Creatures (collateral kills)
  A basilisk (D:11)
1 creature vanquished.

Vanquished Creatures (others)
  A goblin (D:2)
1 creature vanquished.

Grand Total: 251 creatures vanquished

Notes
Turn   | Place    | Note
-------+----------+-------------------------------------------
     0 | D:1      | Jannitor the Halfling Berserker began the quest for the Orb.
     0 | D:1      | Reached XP level 1. HP: 15/15 MP: 1/1
   258 | D:1      | Reached XP level 2. HP: 20/20 MP: 2/2
   437 | D:1      | Reached XP level 3. HP: 20/26 MP: 3/3
  1033 | D:2      | Reached XP level 4. HP: 28/31 MP: 4/4
  1390 | D:2      | Found a glowing golden altar of the Shining One.
  1399 | D:2      | Noticed an angel
  1472 | D:2      | Found a basalt altar of Yredelemnul.
  1474 | D:2      | Noticed a profane servitor
  1652 | D:2      | Noticed Natasha
  1658 | D:2      | Killed Natasha
  1658 | D:2      | Reached ** piety under Trog
  1831 | D:3      | Found a faded altar of an unknown god.
  2064 | D:3      | Reached XP level 5. HP: 27/36 MP: 5/5
  2372 | D:3      | Found a hazy altar of Hepliaklqana.
  2521 | D:3      | Found an iron altar of Okawaru.
  2521 | D:3      | Found a burning altar of Makhleb.
  2521 | D:3      | Found a radiant altar of Vehumet.
  2522 | D:3      | Found a sparkling altar of Nemelex Xobeh.
  2522 | D:3      | Found a snail-covered altar of Cheibriados.
  2525 | D:3      | Found a sacrificial altar of Ru.
  2532 | D:3      | Found a stormy altar of Qazlal.
  2660 | D:4      | Noticed an ogre
  2675 | D:4      | Killed an ogre
  2675 | D:4      | Reached XP level 6. HP: 8/43 MP: 6/6
  3043 | D:4      | Noticed Tali's ghost (amateur MiFi)
  3231 | D:4      | Killed Tali's ghost
  3231 | D:4      | Reached XP level 7. HP: 49/49 MP: 7/7
  3510 | D:4      | Reached skill level 5 in Axes
  3510 | D:4      | Reached skill level 5 in Armour
  3587 | D:4      | Found a runed door.
  3827 | D:5      | Entered Level 5 of the Dungeon
  4279 | D:5      | Reached skill level 5 in Fighting
  4321 | D:5      | Reached XP level 8. HP: 55/55 MP: 8/8
  4407 | D:5      | Found a staircase to the Ecumenical Temple.
  4865 | D:5      | Reached *** piety under Trog
  5534 | D:6      | Found a shattered altar of Ashenzari.
  5572 | D:6      | Noticed Blork the orc
  5578 | D:6      | Killed Blork the orc
  5721 | D:6      | Reached XP level 9. HP: 60/62 MP: 9/9
  7084 | D:7      | Noticed Joseph
  7091 | D:7      | Killed Joseph
  7232 | D:7      | Killed an unseen horror
  7232 | D:7      | Reached XP level 10. HP: 26/72 MP: 10/10
  7392 | D:7      | Reached **** piety under Trog
  7763 | D:8      | Received a gift from Trog
  7814 | D:8      | You fall through a shaft for 3 floors!
  8236 | D:10     | Entered Level 10 of the Dungeon
  8707 | D:9      | Found a deep blue altar of Sif Muna.
  8753 | D:9      | Got a faintly glowing bone ring
  8797 | D:9      | Found an ornate altar of the Wu Jian Council.
  9046 | D:9      | Found a hide-covered altar of Uskayaw.
  9047 | D:9      | Noticed a hand axe
  9047 | D:9      | Noticed a hand axe
  9569 | D:10     | Noticed Harold
  9862 | D:10     | Noticed Erica
  9874 | D:10     | Killed Erica
  9874 | D:10     | Reached skill level 10 in Armour
  9874 | D:10     | Reached skill level 1 in Shields
  9874 | D:10     | Reached XP level 11. HP: 78/78 MP: 11/11
 10121 | D:10     | Killed Harold
 10734 | D:11     | Noticed a death yak
 10761 | D:11     | Killed a death yak
 11165 | D:11     | Found a staircase to the Orcish Mines.
 11293 | D:11     | Reached skill level 10 in Axes
 11339 | D:11     | Killed an unseen horror
 11339 | D:11     | Reached skill level 1 in Evocations
 11595 | D:11     | Noticed a manticore
 11596 | D:11     | Noticed a cyclops
 11605 | D:11     | Killed a manticore
 11607 | D:11     | Hit by a large rock thrown by a cyclops

Skill      XL: |  1  2  3  4  5  6  7  8  9 10 11 |
---------------+----------------------------------+-----
Fighting       | 3 4 5 6 7 8 9 |  9.2
Armour         | 3 4 5 6 8 10 | 10.6
Axes           | 4 5 6 8 9 10 | 10.0
Dodging        | 3 4 |  4.6
Shields        | 1 3 |  3.9
Evocations     | 1 |  1.3

Action                   |  1- 3 |  4- 6 |  7- 9 | 10-12 || total
-------------------------+-------+-------+-------+-------++-------
Melee: Hand axe          |   106 |   184 |   223 |       ||   513
       War axe           |       |       |   162 |   417 ||   579
Invok: Berserk           |       |     3 |    12 |     9 ||    24
       Trog's Hand       |       |       |     5 |     5 ||    10
       Burn Spellbooks   |       |       |     2 |     2 ||     4
       Brothers in Arms  |       |       |       |     3 ||     3
Evoke: Wand              |       |       |       |     1 ||     1
  Use: Potion            |       |     6 |     3 |       ||     9
       Scroll            |       |       |     8 |     4 ||    12
  Eat: Chunk             |       |    16 |    22 |    40 ||    78
       Ration            |       |       |     1 |       ||     1
Armor: Animal skin       |    16 |       |       |       ||    16
       Ring mail         |     1 |    11 |       |       ||    12
       Chain mail        |       |    83 |   175 |   161 ||   419
Dodge: Dodged            |    98 |   121 |   370 |   312 ||   901
Block: Shield            |       |       |       |    79 ||    79
